 Dungeon Crawl Stone Soup version 0.30-a0-737-gf23d94013f (webtiles) character file.

Game seed: 7702219941051623343

518 flickminster the Chiller (level 7, -2/48 HPs)
             Began as a Vampire Ice Elementalist on Feb 1, 2023.
             Succumbed to a gnoll sergeant's poison
             ... on level 6 of the Dungeon.
             The game lasted 00:29:33 (3300 turns).

flickminster the Chiller (Vampire Ice Elementalist) Turns: 3300, Time: 00:29:34

Health: -2/48      AC:  2    Str:  7    XL:     7   Next: 1%
Magic:  8/14       EV: 13    Int: 19    God:
Gold:   225        SH:  0    Dex: 15    Spells: 8/16 levels left

rFire   . . .      SeeInvis +    u - +4 flail
rCold   . . .      Faith    .    (no shield)
rNeg    . . .      Spirit   .    a - +0 robe
rPois   .          Reflect  .    (no helmet)
rElec   .          Harm     .    (no cloak)
rCorr   .          Rampage  .    (no gloves)
Will    +....                    (no boots)
Stlth   ++                       (no amulet)
HPRegen 0.48/turn                q - ring of willpower
MPRegen 0.14/turn                (no ring)

@: lethally poisoned (-2 -> -31), healing quickly
A: alive, fangs 3, see invisible, vampiric 2
a: Exsanguinate


You were on level 6 of the Dungeon.
You visited 1 branch of the dungeon, and saw 5 of its levels.

You collected 225 gold pieces.

Inventory:

Hand Weapons
 d - a +0 short sword
 h - a +0 trident
 u - a +4 flail (weapon)
 v - a +1 heavy hand axe
Missiles
 c - 2 poisoned darts
 e - 44 stones (quivered)
 r - 5 atropa-tipped darts
Armour
 a - a +0 robe (worn)
 o - a +0 leather armour
Jewellery
 q - a ring of willpower (left hand)
Wands
 p - a wand of charming (10)
 w - a wand of mindburst (14)
Scrolls
 i - a scroll of amnesia {unknown}
 k - a scroll of enchant weapon {unknown}
 m - a scroll of summoning {unknown}
 n - a scroll of enchant armour {unknown}
 t - a scroll of poison {unknown}
 x - a scroll of teleportation {unknown}
Potions
 b - 4 potions of magic
 g - a potion of curing
 j - 3 potions of degeneration
 l - 2 potions of brilliance
 s - a potion of resistance {unknown}


   Skills:
 + Level 1.1 Fighting
 + Level 0.3 Short Blades
 + Level 0.3 Maces & Flails
 + Level 0.3 Polearms
 + Level 0.3 Throwing
 + Level 3.0 Dodging
 + Level 3.5 Stealth
 + Level 5.0 Spellcasting
 + Level 5.7 Ice Magic


You had 8 spell levels left.
You knew the following spells:

 Your Spells              Type           Power      Damage    Failure   Level
a - Freeze                Ice            100%       1d10      1%          1
b - Frozen Ramparts       Ice            52%        1d8       3%          3
c - Summon Ice Beast      Ice/Summ       15%        N/A       36%         4

Your spell library contained the following spells:

 Spells                   Type           Power      Damage    Failure   Level
 Ozocubu's Armour         Ice            26%        N/A       3%          3


Dungeon Overview and Level Annotations

Branches:
Dungeon (4/15)
 Temple: D:4-7

Altars:

Shops:
D:3 :   D:4 (


Innate Abilities, Weirdness & Mutations

Your natural rate of healing is accelerated.
You have razor-sharp teeth.
You have supernaturally acute eyesight. (SInv)
You are afflicted with vampirism and can become a bat while bloodless.


Message History

The poisoned dart closely misses the gnoll.
The wall freezes the gnoll. x2; The wall freezes the gnoll sergeant.
The gnoll sergeant hits you from afar with a +2 trident of venom.
You are poisoned.
Aiming: Freeze (safe; 1% risk of failure)
Press: ? - help, Q - select action, (/) - cycle Shift-Dir - straight line, f/p - gnoll
Aim: a gnoll, wielding a +0 club (almost dead)
You freeze the gnoll.
You kill the gnoll!
You feel sick.
The wall freezes the gnoll.
The wall freezes the gnoll sergeant.
The gnoll sergeant barely misses you.
Aiming: Freeze (safe; 1% risk of failure)
Press: ? - help, Q - select action, (/) - cycle Shift-Dir - straight line, f - gnoll
Aim: a gnoll, wielding a +0 club (heavily wounded)
You freeze the gnoll.
You kill the gnoll!
You feel sick.
The wall freezes the gnoll sergeant!
The gnoll sergeant hits you from afar with a +2 trident of venom!
You have reached level 7!
Your frozen ramparts will break if you move.
Continue?
The frozen ramparts melt away as you move.
You feel sick.
The gnoll sergeant hits you but does no damage.
You are more poisoned.
Items here: ))) ††.
Throw: 45 stones
Press: ? - help, Q - select action, (/) - cycle Shift-Dir - straight line, f - gnoll sergeant
Aim: a gnoll sergeant, wielding a +2 trident of venom and wearing a +0 ring mail (heavily wounded, 65% to hit)
You throw a stone.
The stone barely misses the gnoll sergeant.
You feel sick.
The gnoll sergeant hits you with a +2 trident of venom!
You are lethally poisoned!
The gnoll sergeant hits you with a +2 trident of venom.
* * * LOW HITPOINT WARNING * * *
You are more poisoned.
The gnoll sergeant attacks as you move away!
The gnoll sergeant hits you with a +2 trident of venom!
* * * LOW HITPOINT WARNING * * *
You die...

#.# #..# #.#
#(.# #.#
#..# #.# #.#
#..# #.# #.#
#(.# #.# #.#
#(.##.#
#.#####.#
#(g..##
#.#...#.#
#)###.#
#.....#.#
#.@..#
###...#.#
####.#
##.##.# #.#
#.##.# #.#
####.##.#
#.# #
#.......#
####.##.####
#.#####.#
#....)......
# #.#
#.##.##.....
#.###.##.#
####


There were no monsters in sight!

Vanquished Creatures
  A nameless horror (D:3)
  2 ogres (D:6)
  A scorpion (D:3)
  An orc priest (D:3)
  Natasha (thrice) (D:2)
  An iguana (D:4)
  7 gnolls
  3 adders
  3 worms
  5 orcs
  3 bats
  2 endoplasms (D:1)
  4 giant cockroaches
  4 goblins
  6 hobgoblins
  6 kobolds
  8 ball pythons
  4 frilled lizards
  3 rats (D:1)
67 creatures vanquished.

Notes
Turn   | Place    | Note
-------+----------+-------------------------------------------
     0 | D:1      | flickminster the Vampire Ice Elementalist began the quest
                  | for the Orb.
     0 | D:1      | Reached XP level 1. HP: 13/13 MP: 3/3
   192 | D:1      | Reached XP level 2. HP: 13/19 MP: 3/5
   651 | D:2      | Noticed Natasha
   658 | D:2      | Killed Natasha
   659 | D:2      | Gained mutation: You are afflicted with vampirism and can
                  | become a bat while bloodless. [Vampire growth]
   659 | D:2      | Reached XP level 3. HP: 24/24 MP: 1/7
   897 | D:2      | Reached XP level 4. HP: 14/27 MP: 2/8
  1148 | D:2      | Noticed Natasha
  1160 | D:2      | Killed Natasha
  1333 | D:2      | Noticed Natasha
  1359 | D:2      | Killed Natasha
  1360 | D:2      | Reached XP level 5. HP: 14/32 MP: 2/10
  1366 | D:2      | Learned a level 3 spell: Frozen Ramparts
  1371 | D:2      | Learned a level 4 spell: Summon Ice Beast
  1702 | D:3      | Noticed a nameless horror
  1709 | D:3      | Killed a nameless horror
  1905 | D:3      | Found Devas's Book Shoppe.
  2197 | D:3      | Reached skill level 5 in Ice Magic
  2293 | D:3      | Reached XP level 6. HP: 10/42 MP: 4/12
  2583 | D:4      | HP: 2/42 [worm (9)]
  3010 | D:4      | Found Kantabir's Weapon Shoppe.
  3144 | D:4      | You fall into a shaft and drop 2 floors!
  3200 | D:6      | Reached skill level 1 in Fighting
  3295 | D:6      | Reached skill level 5 in Spellcasting
  3298 | D:6      | Reached XP level 7. HP: 30/48 MP: 7/14
  3300 | D:6      | Succumbed to a gnoll sergeant's poison

Illustrated notes

Levels and vault maps discovered:
D:1:      dpeg_arrival_pits, layout_basic
D:2:      layout_loops_ring, uniq_natasha
D:3:      cheibrodos_pilgrimage, layout_basic, serial_shops,
          nicolae_diamond_shop
D:4:      layout_cave_pools, grunt_temple_overflow_open,
          mainiacjoe_overflow_alcove_4, serial_shops,
          nicolae_shop_advertising_works [nicolae_subvault_shop_adworks]
D:6:      layout_loops_ring, tso_altar, minmay_temple_entry_enclosed_plants,
          uniq_eustachio, uniq_pikel, uniq_edmund

Skill      XL: |  1  2  3  4  5  6 |
---------------+-------------------+-----
Spellcasting   | 3 4 5 |  5.0
Ice Magic      | 5 |  5.7
Fighting       | 1 |  1.1
Dodging        | 3 |  3.0
Short Blades   | |  0.3
Maces & Flails | |  0.3
Polearms       | |  0.3
Throwing       | |  0.3
Stealth        | |  3.5

Action                     |  1- 3 |  4- 6 |  7- 9 || total
---------------------------+-------+-------+-------++-------
  Melee: Short sword       |    11 |    16 |       ||    27
         Unarmed           |     2 |       |       ||     2
         Bite              |       |     3 |       ||     3
         Flail             |       |     9 |       ||     9
         Trident           |       |     8 |       ||     8
         Punch             |       |     2 |       ||     2
  Throw: Dart              |     2 |     6 |       ||     8
         Stone             |       |     6 |     1 ||     7
   Cast: Freeze            |    36 |    79 |       ||   115
         Frozen Ramparts   |       |     7 |       ||     7
Ability: Revivify          |     3 |       |       ||     3
         End Transformatio |     1 |       |       ||     1
         Bat Form          |     1 |       |       ||     1
         Exsanguinate      |     1 |       |       ||     1
  Evoke: Wand              |       |     2 |       ||     2
    Use: Potion            |       |     6 |       ||     6
         Scroll            |       |     3 |       ||     3
   Stab: Sleeping          |       |     1 |       ||     1
 Armour: Robe              |     6 |     4 |     1 ||    11
  Dodge: Dodged            |    17 |    49 |       ||    66

Table legend: (Time is in decaauts)
 A = Elapsed time spent in this place.
 B = Non-inter-level travel time spent in this place.
 C = Inter-level travel time spent in this place.
 D = Time resting spent in this place.
 E = Time spent auto-exploring this place.
 F = Levels seen in this place.
 G = Mean time per level.
                   A        B        C        D        E       F      G
               +--------+--------+--------+--------+--------+-----+--------+
         Total |   3289 |   3241 |     48 |    746 |   1120 |   5 |  657.8 |
       Dungeon |   3289 |   3241 |     48 |    746 |   1120 |   5 |  657.8 |
               +--------+--------+--------+--------+--------+-----+--------+

Top non-repeatable levels by time:
     D:2: 985 daAuts
     D:3: 871 daAuts
     D:1: 643 daAuts
     D:4: 633 daAuts
     D:6: 155 daAuts
